 Dungeon Crawl Stone Soup version 0.28.0 (webtiles) character file.

Game seed: 4783746820050832232

9 BeingJoeMalik the Slasher (level 2, 0/24 HPs)
             Began as a Demonspawn Monk on Feb 11, 2022.
             Slain by a quokka (4 damage)
             ... on level 1 of the Dungeon.
             The game lasted 00:01:17 (606 turns).

BeingJoeMalik the Slasher (Demonspawn Monk)          Turns: 606, Time: 00:01:18

Health: 0/24       AC:  2    Str: 11    XL:     2   Next: 6%
Magic:  2/2        EV: 12    Int: 11    God:
Gold:   0          SH:  0    Dex: 15    Spells: 1/1 levels left

rFire   . . .      SeeInvis .   a - +0 falchion
rCold   . . .      Faith    .   (no shield)
rNeg    . . .      Spirit   .   b - +0 robe
rPois   .          Reflect  .   (no helmet)
rElec   .          Harm     .   (no cloak)
rCorr   .          Rampage  .   (no gloves)
Will    .....                   (no boots)
Stlth   ++........              (no amulet)
HPRegen 0.08/turn               (no ring)
MPRegen 0.08/turn               (no ring)

@: no status effects
A: hooves 1
a: no special abilities


You were on level 1 of the Dungeon.
You visited 1 branch of the dungeon, and saw 1 of its levels.

Inventory:

Hand Weapons
 a - a +0 falchion (weapon)
Armour
 b - a +0 robe (worn)
Potions
 c - a potion of brilliance {unknown}
 d - a potion of curing {unknown}


   Skills:
 - Level 3.0 Fighting
 + Level 3.3 Long Blades
 - Level 2.6 Dodging
 - Level 1.7 Stealth


You had one spell level left.
You didn't know any spells.
Your spell library was empty.

Dungeon Overview and Level Annotations

Branches:
Dungeon (1/15)

Altars:


Innate Abilities, Weirdness & Mutations

You have large cloven feet.


Message History

You closely miss the kobold. Your kick misses the kobold.
The quokka barely misses you. The kobold hits you with a +0 club.
The quokka bites you.
You hit the kobold.
You kill the kobold!
The quokka bites you but does no damage.
You barely miss the quokka. The quokka closely misses you.
You hit the quokka. Your kick misses the quokka.
The quokka is moderately wounded.
The quokka barely misses you. The quokka closely misses you.
You miss the quokka.
The quokka is moderately wounded.
The quokka bites you.
You barely miss the quokka. You kick the quokka, but do no damage.
The quokka is moderately wounded.
The quokka barely misses you.
The quokka bites you but does no damage.
You hit the quokka.
The quokka is heavily wounded.
The quokka bites you.
You closely miss the quokka.
The quokka is moderately wounded.
The quokka bites you.
You closely miss the quokka. Your kick misses the quokka.
Your punch misses the quokka.
The quokka is moderately wounded.
The quokka barely misses you. The quokka bites you.
* * * LOW HITPOINT WARNING * * *
The quokka bites you.
* * * LOW HITPOINT WARNING * * *
The quokka bites you but does no damage.
You see here a +0 club.
The quokka completely misses you.
The quokka bites you but does no damage.
The quokka barely misses you.
Okay, then.
Unknown command.
The quokka bites you but does no damage.
The quokka bites you.
You die...

≈≈≈≈.....≈≈≈≈≈≈≈≈≈≈........#.##..
≈≈≈........≈≈≈≈≈.................
...........†..........##..##.##.#
......................##........#
..####........###..##.##..##.####
.. #.####...............##.# #.
#.....###..#..##..##.#### #.
###....##..#..##.........
#.#...@r.#..##...#####.
##...................#
###.................#####
.....#..##..#.##........#
###......÷........#.#####
.....#..##........#.#
.###..#..##........#.#
........##.###.##.#.#
###..##.##.# #.##.#..


You could see a quokka.

Vanquished Creatures
  An endoplasm (D:1)
  A giant cockroach (D:1)
  3 jackals (D:1)
  A ball python (D:1)
  A goblin (D:1)
  A kobold (D:1)
  A rat (D:1)
9 creatures vanquished.

Notes
Turn   | Place    | Note
-------+----------+-------------------------------------------
     0 | D:1      | BeingJoeMalik the Demonspawn Monk began the quest for the
                  | Orb.
     0 | D:1      | Reached XP level 1. HP: 18/18 MP: 1/1
   386 | D:1      | Gained mutation: You have large cloven feet. [demonic
                  | ancestry]
   386 | D:1      | Reached XP level 2. HP: 11/24 MP: 2/2
   579 | D:1      | HP: 1/24 [quokka (4)]
   606 | D:1      | Slain by a quokka

Illustrated notes

Levels and vault maps discovered:
D:1:      minmay_arrival_shoal_huts, layout_basic, serial_shops, shop,
          nicolae_shop_hallway_stairs, shop

Skill      XL: |  1 |
---------------+----+-----
Long Blades    | 3 |  3.3
Fighting       | |  3.0
Dodging        | |  2.6
Stealth        | |  1.7

Action                   || total
-------------------------++-------
Melee: Falchion          ||    41
       Kick              ||     2
Armor: Robe              ||     9
Dodge: Dodged            ||    32
